 Dungeon Crawl Stone Soup version 0.29-a0-334-gb41bcbb86e (webtiles) character file.

Game seed: 18128343149540308505

30 brightshaft the Slasher (level 3, 0/27 HPs)
             Began as a Merfolk Gladiator on Apr 13, 2022.
             Was an Initiate of Gozag.
             Slain by an adder (1 damage)
             ... on level 2 of the Dungeon.
             The game lasted 00:02:55 (1178 turns).

brightshaft the Slasher (Merfolk Gladiator)         Turns: 1178, Time: 00:02:56

Health: 0/27       AC:  5    Str: 14    XL:     3   Next: 18%
Magic:  3/3        EV: 13    Int:  7    God:    Gozag
Gold:   66         SH:  0    Dex: 17    Spells: 2/2 levels left

rFire   . . .      SeeInvis .   a - +0 long sword
rCold   . . .      Faith    .   (no shield)
rNeg    . . .      Spirit   .   b - +0 leather armour
rPois   .          Reflect  .   c - +0 helmet
rElec   .          Harm     .   (no cloak)
rCorr   .          Rampage  .   (no gloves)
Will    .....                   k - +0 pair of boots
Stlth   +.........              (no amulet)
HPRegen 0.09/turn               (no ring)
MPRegen 0.08/turn               (no ring)

@: lethally poisoned (0 -> -1), gold aura
A: (nimble swimmer 2), mertail
a: Renounce Religion, Potion Petition, Call Merchant, Bribe Branch


You were on level 2 of the Dungeon.
You worshipped Gozag.
Gozag was noncommittal.
You visited 1 branch of the dungeon, and saw 2 of its levels.

You collected 66 gold pieces.

Inventory:

Hand Weapons
 a - a +0 long sword (weapon)
Missiles
 d - 3 throwing nets (quivered)
 e - a javelin
Armour
 b - a +0 leather armour (worn)
 c - a +0 helmet (worn)
 i - a +0 chain mail
 k - a +0 pair of boots (worn)
Scrolls
 f - a scroll of blinking {unknown}
 g - a scroll of noise {unknown}
 h - a scroll of identify {unknown}
 j - a scroll of teleportation {unknown}


   Skills:
 - Level 2.1 Fighting
 * Level 5.1 Long Blades
 - Level 2.0 Throwing
 - Level 4.0 Dodging


You had 2 spell levels left.
You didn't know any spells.
Your spell library contained the following spells:

 Spells                   Type           Power      Damage    Failure   Level
 Apportation              Tloc           0%         N/A       52%         1
 Alistair's Intoxication  Tmut/Pois      0%         N/A       100%        5


Dungeon Overview and Level Annotations

Branches:
Dungeon (2/15)

Altars:
Gozag

Annotations:
D:2 Terence


Innate Abilities, Weirdness & Mutations

((You are very nimble when in or above water. (Stealth+, EV+, Speed+++)))
Your lower body shifts to a powerful aquatic tail in water.


Message History

You kill the kobold!
An adder comes into view.
Found a stone staircase leading down.
Terence and a rat come into view.
Terence shouts!
The ball python bites you but does no damage.
The ball python grabs you. The ball python constricts you.
You barely miss the ball python. The ball python closely misses you.
The ball python constricts you.
The rat is distracted by your dazzling golden aura.
The ball python is distracted by your dazzling golden aura.
The ball python constricts you.
You slash the ball python!
You kill the ball python!
You closely miss the adder.
The rat is no longer distracted by gold.
The adder is distracted by your dazzling golden aura.
You closely miss the adder.
The adder is no longer distracted by gold.
The adder hisses angrily.
The adder bites you.
You are poisoned.
The adder poisons you! The adder closely misses you.
You miss the adder.
You feel sick. The adder bites you but does no damage.
Terence hits you with a +0 flail.
You are too injured to fight recklessly!
You are too injured to fight recklessly!
You are too injured to fight recklessly!
The adder attacks as you move away! The adder closely misses you.
You feel sick. The adder closely misses you.
The adder attacks as you move away! The adder closely misses you.
Terence attacks as you move away! Terence misses you.
You feel sick. Terence attacks as you move away!
Terence hits you with a +0 flail!
* * * LOW HITPOINT WARNING * * *
x2 You feel sick.
There is a stone staircase leading up here.
* * * LOW HITPOINT WARNING * * *
You feel sick. The adder bites you.
You die...
Your body crumbles into a pile of gold.

.. #.... ...
##.#.# .. #....#
#$##....##
..##........###
....$.$..$....#
.###......$...###
#.##.r@......# >.
#[.S@.....# ##
#.........#
#........##
#........#
....#####...
####.. .#.# #. #
# #.


You could see Terence, an adder and a rat.

Vanquished Creatures
  A dart slug (D:1)
  4 ball pythons
  A bat (D:1)
  An endoplasm (D:1)
  A giant cockroach (D:1)
  4 hobgoblins
  3 quokkas (D:1)
  3 frilled lizards (D:1)
  6 kobolds
  A rat (D:1)
25 creatures vanquished.

Notes
Turn   | Place    | Note
-------+----------+-------------------------------------------
     0 | D:1      | brightshaft the Merfolk Gladiator began the quest for the
                  | Orb.
     0 | D:1      | Reached XP level 1. HP: 16/16 MP: 1/1
    67 | D:1      | Reached skill level 4 in Long Blades
   194 | D:1      | Reached XP level 2. HP: 22/22 MP: 2/2
   703 | D:1      | Found a faded altar of an unknown god.
   714 | D:1      | Prayed at the altar of an unknown god.
   714 | D:1      | Became a worshipper of Gozag Ym Sagoz the Greedy
   844 | D:1      | Reached XP level 3. HP: 27/27 MP: 3/3
   887 | D:1      | Reached skill level 5 in Long Blades
  1169 | D:2      | Noticed Terence
  1178 | D:2      | HP: 1/27 [poisoned by an adder]
  1178 | D:2      | Slain by an adder

Illustrated notes

Levels and vault maps discovered:
D:1:      lightli_arrival_flooded_house, layout_basic,
          chequers_ecumenical_altar_island, chequers_garden,
          serial_bayou_pond_e, st_stairs_7
D:2:      layout_loops_ring, basic_altar, minivault_24, uniq_terence

Skill      XL: |  1  2  3 |
---------------+----------+-----
Long Blades    | 4 5 |  5.1
Fighting       | |  2.1
Throwing       | |  2.0
Dodging        | |  4.0

Action                   || total
-------------------------++-------
Melee: Long sword        ||    77
       Tailslap          ||     2
Armor: Leather armour    ||    19
Dodge: Dodged            ||    66

Table legend: (Time is in decaauts)
 A = Elapsed time spent in this place.
 B = Non-inter-level travel time spent in this place.
 C = Inter-level travel time spent in this place.
 D = Time resting spent in this place.
 E = Time spent auto-exploring this place.
 F = Levels seen in this place.
 G = Mean time per level.
                   A        B        C        D        E       F      G
               +--------+--------+--------+--------+--------+-----+--------+
         Total |   1185 |   1167 |     18 |      0 |    974 |   2 |  592.5 |
       Dungeon |   1185 |   1167 |     18 |      0 |    974 |   2 |  592.5 |
               +--------+--------+--------+--------+--------+-----+--------+

Top non-repeatable levels by time:
     D:1: 1162 daAuts
     D:2: 22 daAuts
